 Dungeon Crawl Stone Soup version 0.26-a0-612-gd4d190f45e (webtiles) character file.

Game seed: 3771610427803280048

118568 MrRokkomies the Frost Mage (level 15, 0/130 HPs)
             Began as a Demigod Ice Elementalist on Sept 10, 2020.
             Slain by a redback (8 damage)
             ... on level 4 of the Spider Nest.
             The game lasted 01:28:05 (33041 turns).

MrRokkomies the Frost Mage (DgIE)                  Turns: 33041, Time: 01:28:05

Health: 0/130      AC: 28    Str: 30    XL:     15   Next: 78%
Magic:  23/26      EV:  6    Int: 30    God:
Gold:   870        SH:  0    Dex: 15    Spells: 5/24 levels left

rFire    + + .     SeeInvis +   a - +8 broad axe of Vaedaqub {speed, *Slow rN+++ Str+3}
rCold    + . .     Faith    .   r - +2 buckler
rNeg     + + +     Spirit   .   W - +5 gold dragon scales
rPois    +         Reflect  .   x - +1 helmet {Int+3}
rElec    .         Harm     .   G - +0 cloak {rCorr}
rCorr    +                      P - +1 pair of gloves {Str+3}
MR       +++..                  c - +0 pair of boots of Hubris {*Contam Str+3 Dex+4 SInv}
Stlth    ..........             O - amulet of regeneration
HPRegen  0.71/turn              k - +4 ring of protection
MPRegen  0.20/turn              K - ring "Unoq" {rF+ MR++ Str+8 Dex-5}

@: lethally poisoned (0 -> 0), corroded, frozen ramparts, held
A: high mp 1
a: no special abilities


You were on level 4 of the Spider Nest.
You visited 5 branches of the dungeon, and saw 28 of its levels.
You also visited: Bailey, Gauntlet and Ice Cave.

You collected 3869 gold pieces.
You spent 2999 gold pieces at shops.

Inventory:

Hand Weapons
 a - the +8 broad axe of Vaedaqub (weapon) {speed, *Slow rN+++ Str+3}
   (You bought it in a shop on level 14 of the Dungeon)

   Attacks with this weapon are significantly faster.
   It affects your strength (+3).
   It renders you almost immune to negative energy.
   It may slow you when you take damage.
 A - a +3 hand axe of flaming
 V - a +0 eveningstar
Missiles
 d - 105 poisoned darts (quivered)
 u - 12 curare-tipped darts
Armour
 c - the +0 pair of boots of Hubris (worn) {*Contam Str+3 Dex+4 SInv}
   (You found it in a Gauntlet)

   It affects your strength (+3).
   It affects your dexterity (+4).
   It lets you see invisible.
   It causes magical contamination when unequipped.
 r - a +2 buckler (worn)
 x - a +1 helmet of intelligence (worn)
 G - a +0 cloak of preservation (worn)
 P - a +1 pair of gloves of strength (worn)
 W - +5 gold dragon scales (worn)
Magical Staves
 b - an uncursed staff of cold
Jewellery
 k - a +4 ring of protection (left hand)
 s - an uncursed ring of protection from fire
 K - the ring "Unoq" (right hand) {rF+ MR++ Str+8 Dex-5}
   (You acquired it on level 12 of the Dungeon)

   [ring of protection from fire]

   It affects your strength (+8).
   It affects your dexterity (-5).
   It protects you from fire.
   It affects your resistance to hostile enchantments.
 L - an uncursed ring of protection from magic
 O - an amulet of regeneration (around neck)
 X - the ring of Xeine {rN+ Dex+6}
   (You found it on level 3 of the Lair of Beasts)

   [ring of dexterity]

   It affects your dexterity (+6).
   It protects you from negative energy.
Wands
 w - a wand of digging (16)
 M - a wand of acid (3)
 R - a wand of paralysis (9)
 S - a wand of flame (55)
 U - a wand of iceblast (5)
Scrolls
 e - 8 scrolls of identify
 f - 2 scrolls of magic mapping
 g - 12 scrolls of teleportation
 i - 23 scrolls of remove curse
 v - 2 scrolls of fog
 y - 3 scrolls of amnesia
 I - 2 scrolls of blinking
 J - 2 scrolls of immolation
 T - 3 scrolls of enchant weapon
Potions
 h - 8 potions of curing
 j - 3 potions of stabbing
 l - 9 potions of mutation
 m - 9 potions of lignification
 n - a potion of invisibility
 o - 8 potions of haste
 p - 5 potions of flight
 q - 3 potions of might
 z - 2 potions of ambrosia
 B - 5 potions of cancellation
 D - a potion of resistance
 H - 3 potions of brilliance
 Y - a potion of berserk rage
Miscellaneous
 E - a lightning rod (4/4)
 N - a box of beasts (inert)
 Z - a phantom mirror (inert)


   Skills:
 - Level 11.2 Fighting
 * Level 7.5 Axes
 * Level 7.0 Armour
 - Level 11.0 Dodging
 - Level 1.7 Stealth
 - Level 4.0 Shields
 - Level 5.0 Spellcasting
 - Level 8.0 Conjurations
 - Level 5.0 Summonings
 - Level 8.0 Fire Magic
 - Level 12.0 Ice Magic
 - Level 8.0 Earth Magic
 - Level 5.6 Evocations


You had 5 spell levels left.
You knew the following spells:

 Your Spells              Type           Power        Failure   Level
a - Freeze                Ice            ####         1%          1
b - Frozen Ramparts       Ice            ######       4%          3
d - Summon Ice Beast      Ice/Summ       ######..     50%         4
e - Sticky Flame          Conj/Fire      ######..     56%         4
f - Bolt of Magma         Conj/Fire/Erth ######....   89%         5
g - Blink                 Tloc           N/A          96%         2

Your spell library contained the following spells:

 Spells                   Type           Power        Failure   Level
 Ozocubu's Armour         Ice            ######..     4%          3
 Magic Dart               Conj           ####         7%          1
 Conjure Flame            Conj/Fire      ######..     22%         3
 Summon Small Mammal      Summ           ####         24%         1
 Ensorcelled Hibernation  Hex/Ice        #####.       24%         2
 Hailstorm                Conj/Ice       ######..     30%         4
 Call Imp                 Summ           #####...     36%         2
 Call Canine Familiar     Summ           #####...     58%         3
 Dazzling Flash           Conj/Hex       ####..       73%         3
 Inner Flame              Hex/Fire       ####....     73%         3
 Apportation              Tloc           #.....       88%         1
 Corona                   Hex            #......      88%         1
 Ignite Poison            Fire/Tmut/Pois ###.....     89%         3
 Mephitic Cloud           Conj/Pois/Air  ###.....     89%         3
 Summon Guardian Golem    Hex/Summ       ###.....     90%         3
 Slow                     Hex            #.......     96%         2
 Sublimation of Blood     Necr           #.........   96%         2
 Leda's Liquefaction      Hex/Erth       ####......   98%         4
 Petrify                  Tmut/Erth      ####....     98%         4
 Confusing Touch          Hex            #.......     99%         3
 Gell's Gravitas          Tloc           #.........   99%         3
 Lesser Beckoning         Tloc           #.........   99%         3
 Portal Projectile        Hex/Tloc       #.....       99%         3
 Tukima's Dance           Hex            #.......     99%         3
 Metabolic Englaciation   Hex/Ice        #####.....   99%         5
 Cause Fear               Hex            #.........   100%        4
 Summon Lightning Spire   Summ/Air       ###.....     100%        4
 Alistair's Intoxication  Tmut/Pois      #........    100%        5
 Irradiate                Conj/Tmut      ####......   100%        5
 Yara's Violent Unravell  Hex/Tmut       #.........   100%        5
 Eringya's Noxious Bog    Tmut/Pois      #.........   100%        6
 Invisibility             Hex            #.......     100%        6
 Malign Gateway           Summ/Tloc      ###.......   100%        7


Dungeon Overview and Level Annotations

Branches:
Dungeon (15/15)            Temple (0/1) D:5            Lair (6/6) D:8
  Swamp (1/4) Lair:2       Spider (4/4) Lair:3        Slime (0/5) Lair:6
    Orc (2/2) D:10            Elf (0/3) Orc:2        Vaults (0/5) D:13
 Bailey (visited)           IceCv (visited)         Gauntlet (visited)
 Depths: D:15

Shops:
D:10 [   D:14 (??(   D:15 (   Orc:2 [[:!

Annotations:
D:7 1 runed translucent door
Spider:4 Arachne, Donald


Innate Abilities, Weirdness & Mutations

You have an increased reservoir of magic. (+10% MP)


Message History

* * * LOW HITPOINT WARNING * * *
The wall freezes Arachne.
Arachne hits you but does no damage. Arachne envenoms you.
* * * LOW HITPOINT WARNING * * *
You are more poisoned.
The redback bites you but does no damage.
The orb spider spins a strand of pure energy.
The jumping spider leaps!
The wall freezes the entropy weaver.
The entropy weaver hits you but does no damage.
The entropy weaver hits you.
* * * LOW HITPOINT WARNING * * *
The entropy weaver hits you.
* * * LOW HITPOINT WARNING * * *
The entropy weaver hits you but does no damage.
The wall freezes the redback!
Donald says, "My feet hurt."
The wall freezes the redback.
The redback bites you!
* * * LOW HITPOINT WARNING * * *
The redback bites you!
You die...

##.. .......#.........
##^..###................
#.......................
#.......^..............
#...s.....@...$....<...
##...°<........)........
#...^..........^....@...
#.....##.s......○.......#
^....##s@ass.......^...s#
^...##.H†#s..........s..#
#.###...^...#....(.†H.†.s
^ #^...^.s........§†††H.
##..#..######......†..
#.^#### ........†.. ###
..^......†.. .##..?......
...####....


You could see Arachne, an emperor scorpion, Donald (strong), an entropy weaver,
an orb spider (charged), a jumping spider and 4 redbacks.

Vanquished Creatures
  Nikola (Spider:1)
  A ghost moth (Spider:3)
  Azrael (Spider:1)
  2 entropy weavers
  A minotaur (Gauntlet)
  Josephine (Lair:6)
  Erolcha (Orc:1)
  4 hydras
  2 ice dragons (IceCv)
  7 two-headed ogres
  2 centaur warriors
  6 orc high priests (Orc:2)
  A tengu warrior (D:11)
  Urug (Lair:6)
  Sonja (Lair:5)
  5 skeletal warriors (D:15)
  A swamp dragon (Swamp:1)
  2 unseen horrors
  2 orc knights
  A lindwurm (Lair:4)
  A harpy (Lair:6)
  6 orb spiders
  2 cyclopes
  A shining eye (Gauntlet)
  19 wolf spiders
  An orc sorcerer (Orc:2)
  3 ugly things
  Maurice (Orc:1)
  12 elephants
  2 ice statues (IceCv)
  2 molten gargoyles (Lair:3)
  A black mamba (Lair:4)
  A gargoyle (D:13)
  Maggie (D:6)
  4 cane toads
  7 rime drakes
  2 efreet
  9 trolls
  5 yaktaurs
  4 komodo dragons
  5 polar bears (Lair:6)
  11 demonic crawlers
  13 jumping spiders
  7 hornets
  A raiju (shapeshifter) (D:14)
  5 blink frogs
  6 slime creatures
  A wind drake (Lair:6)
  7 hippogriffs
  30 redbacks
  13 tarantellas
  5 wraiths
  51 yaks
  A wyvern (Lair:6)
  A shadow (D:11)
  A vampire (D:12)
  2 fire elementals (Spider:1)
  3 fire bats (Gauntlet)
  A human (shapeshifter) (D:13)
  A steam dragon (D:9)
  Edmund (D:6)
  4 wargs (Orc:2)
  Menkaure (D:5)
  3 swamp worms (Lair:3)
  2 acid dragons
  11 water moccasins
  5 hell hounds
  A hornet zombie (D:12)
  A black bear (D:8)
  22 orc warriors
  13 porcupines
  Purgy (D:3)
  A swamp drake (Swamp:1)
  3 eyes of draining
  3 phantoms
  3 sky beasts
  19 ice beasts
  8 ogres
  11 wolves
  19 centaurs
  12 crocodiles
  2 big kobolds
  20 bullfrogs
  A gnoll sergeant (D:10)
  2 water moccasin zombies
  7 scorpions
  A wyvern skeleton (D:13)
  7 killer bees
  A howler monkey (D:5)
  8 electric eels
  5 lava snakes (Lair:3)
  Crazy Yiuf (D:6)
  A bullfrog zombie (D:11)
  16 jellies
  6 centaur skeletons
  33 orc priests
  13 hounds
  2 bullfrog skeletons
  8 iguanas
  24 orc wizards
  Natasha (thrice) (D:3)
  12 worker ants
  2 hound zombies (D:8)
  A worker ant zombie (D:10)
  A howler monkey skeleton (D:7)
  8 gnolls
  11 adders
  6 shadow imps
  2 white imps
  An ufetubus (D:9)
  2 oozes
  An adder skeleton (D:5)
  5 worms
  3 dart slugs
  2 leopard geckos
  129 orcs
  6 giant cockroaches
  8 goblins
  7 hobgoblins
  22 jackals
  17 kobolds
  9 quokkas
  A ball python (D:1)
  4 bats
  4 frilled lizards
  A leopard gecko skeleton (D:7)
  8 rats
  A butterfly (D:7)
871 creatures vanquished.

Vanquished Creatures (collateral kills)
  Rupert (D:13)
  Kirke (D:13)
  Snorg (Orc:2)
  4 hydras
  A merfolk avatar (Lair:6)
  A death knight (D:15)
  A centaur warrior (D:13)
  4 skeletal warriors
  3 orc knights (Bailey)
  A harpy (Lair:6)
  An oklob plant (Gauntlet)
  A cyclops (Orc:1)
  2 elephants (Lair:6)
  A moth of wrath (Spider:4)
  2 wolf spiders (Spider:4)
  2 black mambas (Lair:6)
  A cane toad (Lair:6)
  2 rime drakes (Lair:6)
  A centaur skeleton (D:13)
  A troll (Orc:2)
  A jumping spider (Spider:4)
  A hornet (Lair:6)
  2 blink frogs (Lair:2)
  2 slime creatures (D:13)
  3 redbacks (Spider:4)
  3 tarantellas (Spider:4)
  A wyvern (Lair:6)
  3 wraiths (Lair:6)
  2 yaks (D:10)
  2 water moccasins (Lair:6)
  A floating eye (Gauntlet)
  8 orc warriors
  An ogre (Orc:2)
  A centaur (D:13)
  A crocodile (Lair:2)
  A bullfrog (D:13)
  3 wights (D:13)
  A bullfrog zombie (D:11)
  A jelly (Lair:6)
  A hound (D:8)
  8 orc priests
  8 orcs
  3 kobolds (D:8)
90 creatures vanquished.

Vanquished Creatures (others)
  A hell hog (Gauntlet)
  6 humans (D:13)
  An ufetubus (D:9)
  2 orcs
  49 fungi
  49 plants
108 creatures vanquished.

Grand Total: 1069 creatures vanquished

Notes
Turn   | Place    | Note
-------+----------+-------------------------------------------
     0 | D:1      | MrRokkomies the Demigod Ice Elementalist began the quest
                  | for the Orb.
     0 | D:1      | Reached XP level 1. HP: 14/14 MP: 5/5
   303 | D:1      | Reached XP level 2. HP: 19/22 MP: 7/7
  1116 | D:1      | Reached skill level 4 in Ice Magic
  1381 | D:2      | Reached XP level 3. HP: 27/27 MP: 8/8
  1661 | D:2      | Reached skill level 1 in Fighting
  2079 | D:2      | Found a radiant altar of Vehumet.
  2344 | D:2      | Learned a level 3 spell: Frozen Ramparts
  2544 | D:3      | Noticed Natasha
  2551 | D:3      | Killed Natasha
  2551 | D:3      | Reached XP level 4. HP: 35/35 MP: 7/10
  2584 | D:3      | Noticed Purgy
  2591 | D:3      | Killed Purgy
  2591 | D:3      | Reached XP level 5. HP: 33/41 MP: 2/11
  2752 | D:3      | Noticed Natasha
  2757 | D:3      | Killed Natasha
  2878 | D:3      | Noticed Natasha
  2884 | D:3      | Killed Natasha
  3074 | D:3      | Found a radiant altar of Vehumet.
  3074 | D:3      | Found a snail-covered altar of Cheibriados.
  3467 | D:4      | Reached skill level 5 in Ice Magic
  3467 | D:4      | Reached XP level 6. HP: 45/48 MP: 13/13
  3802 | D:5      | Entered Level 5 of the Dungeon
  3818 | D:5      | Reached XP level 7. HP: 37/56 MP: 5/14
  3979 | D:5      | Reached skill level 5 in Dodging
  3979 | D:5      | Reached skill level 6 in Ice Magic
  4111 | D:5      | Found a transporter.
  4171 | D:5      | Found a transporter.
  4242 | D:5      | Noticed Menkaure
  4251 | D:5      | Killed Menkaure
  4276 | D:5      | Found a staircase to the Ecumenical Temple.
  4307 | D:5      | Reached XP level 8. HP: 63/63 MP: 16/16
  4353 | D:5      | Learned a level 3 spell: Ozocubu's Armour
  4358 | D:5      | Learned a level 4 spell: Summon Ice Beast
  5140 | D:6      | Found a glowing golden altar of the Shining One.
  5211 | D:6      | Noticed Edmund
  5221 | D:6      | Killed Edmund
  5221 | D:6      | Reached skill level 7 in Ice Magic
  5399 | D:6      | Found a white marble altar of Elyvilon.
  5408 | D:6      | Noticed Maggie
  5420 | D:6      | Killed Maggie
  5581 | D:6      | Found a runed translucent door.
  5582 | D:6      | Noticed Crazy Yiuf
  5699 | D:6      | Found a bloodstained altar of Trog.
  5847 | D:6      | Killed Crazy Yiuf
  5891 | D:7      | Found a shimmering altar of Xom.
  5944 | D:7      | Reached XP level 9. HP: 65/72 MP: 15/19
  6154 | D:7      | Noticed a komodo dragon
  6163 | D:7      | Killed a komodo dragon
  6256 | D:7      | Found a runed translucent door.
  6258 | D:7      | Reached skill level 8 in Ice Magic
  6360 | D:7      | Reached skill level 5 in Spellcasting
  6446 | D:7      | Reached skill level 5 in Fighting
  6561 | D:7      | Noticed a red ugly thing
  6561 | D:7      | Noticed a two-headed ogre
  6580 | D:7      | Killed a two-headed ogre
  6582 | D:7      | Killed a red ugly thing
  6582 | D:7      | Reached skill level 9 in Ice Magic
  6582 | D:7      | Reached XP level 10. HP: 52/81 MP: 7/21
  6605 | D:7      | Got an opalescent robe
  6607 | D:7      | Identified the Grimoire of Battle Magic and Dislocation
  6626 | D:7      | Identified the +1 robe of the Thistle {MP+9 Int+3} (You
                  | found it on level 7 of the Dungeon)
  7190 | D:7      | Found a blossoming altar of Fedhas.
  7378 | D:7      | Found a sacrificial altar of Ru.
  7996 | D:8      | Reached skill level 1 in Summonings
  8080 | D:8      | Found a staircase to the Lair.
  8142 | D:8      | Noticed a two-headed ogre
  8225 | D:8      | Killed a two-headed ogre
  8688 | D:8      | Found a hazy altar of Hepliaklqana.
  8688 | D:8      | Found a hide-covered altar of Uskayaw.
  9306 | D:8      | Found an iron altar of Okawaru.
  9308 | D:8      | Found a glowing silver altar of Zin.
  9309 | D:8      | Found a burning altar of Makhleb.
  9331 | D:8      | Learned a level 4 spell: Sticky Flame
  9405 | D:9      | Reached skill level 10 in Ice Magic
  9946 | D:9      | Reached XP level 11. HP: 91/91 MP: 21/22
 10340 | D:10     | Entered Level 10 of the Dungeon
 10343 | D:10     | Found Sizxi's Armour Emporium.
 10345 | D:10     | Found a staircase to the Orcish Mines.
 10379 | D:10     | Reached skill level 10 in Dodging
 10471 | D:10     | Bought a +2 leather armour of poison resistance for 224
                  | gold pieces
 10546 | D:10     | Found a glowing golden altar of the Shining One.
 10840 | D:10     | Killed an unseen horror
 10845 | D:10     | Reached skill level 5 in Summonings
 11393 | Lair:1   | Entered Level 1 of the Lair of Beasts
 11604 | Lair:1   | Reached skill level 1 in Conjurations
 11604 | Lair:1   | Reached skill level 1 in Fire Magic
 11789 | Lair:1   | Got a fine ring mail
 11800 | Lair:1   | Identified the +1 ring mail "Pus Pies" {Rampage *Slow Dex+8
                  | Stlth+} (You found it on level 1 of the Lair of Beasts)
 11901 | Lair:1   | Reached skill level 1 in Shields
 12494 | Lair:2   | Found a staircase to the Swamp.
 12495 | Lair:2   | Noticed a four-headed hydra
 12509 | Lair:2   | Killed a four-headed hydra
 13209 | Lair:3   | Found a gate leading to a gauntlet.
 13211 | Lair:3   | Noticed an eight-headed hydra
 13215 | Gauntlet | Entered a Gauntlet
 13215 | Gauntlet | Found a transporter.
 13223 | Gauntlet | Found a transporter.
 13224 | Gauntlet | Found a transporter.
 13235 | Gauntlet | Found a transporter.
 13243 | Gauntlet | Found a transporter.
 13258 | Gauntlet | Found a runed translucent door.
 13259 | Gauntlet | Found a transporter.
 13259 | Gauntlet | Noticed a hell hog
 13260 | Gauntlet | Found a runed translucent door.
 13269 | Gauntlet | Found a transporter.
 13272 | Gauntlet | Found the +5 scythe "Finisher" {speed, eviscerate}
 13279 | Gauntlet | Found a transporter.
 13294 | Gauntlet | Found a transporter.
 13309 | Gauntlet | Found a transporter.
 13354 | Gauntlet | Noticed a reaper
 13358 | Gauntlet | Found a transporter.
 13374 | Gauntlet | Found a transporter.
 13377 | Gauntlet | Found a transporter.
 13384 | Gauntlet | Found a transporter.
 13470 | Gauntlet | Paralysed by a floating eye for 3 turns
 13852 | Gauntlet | Killed a hell hog
 13852 | Gauntlet | Reached XP level 12. HP: 76/101 MP: 14/23
 13860 | Gauntlet | Got a pair of warped boots
 13872 | Gauntlet | Identified the +0 pair of boots of Hubris {*Contam Str+3
                  | Dex+4 SInv} (You found it in a Gauntlet)
 13907 | Gauntlet | Noticed a minotaur
 13921 | Gauntlet | Killed a minotaur
 14041 | Gauntlet | Got a crystal mace
 14042 | Gauntlet | Identified the +2 mace "Amnuromp" {flame, rElec Str-2 SInv}
                  | (You found it in a Gauntlet)
 14064 | Lair:3   | Killed an eight-headed hydra
 14243 | Lair:3   | Found a hole to the Spider Nest.
 14619 | Lair:3   | Got a glimmering scale mail
 14624 | Lair:3   | Got a shimmering bronze ring
 14626 | Lair:3   | Identified the ring of Xeine {rN+ Dex+6} (You found it on
                  | level 3 of the Lair of Beasts)
 14637 | Lair:3   | Identified the +6 scale mail "Sugafub" {Stlth+} (You found
                  | it on level 3 of the Lair of Beasts)
 15257 | Lair:4   | Reached skill level 11 in Ice Magic
 15324 | Lair:4   | Reached skill level 5 in Conjurations
 15324 | Lair:4   | Reached skill level 5 in Fire Magic
 16326 | Lair:5   | Noticed Sonja
 16339 | Lair:5   | Killed Sonja
 17227 | Lair:6   | Entered Level 6 of the Lair of Beasts
 17261 | Lair:5   | Learned a level 5 spell: Bolt of Magma
 17383 | Lair:6   | Noticed a merfolk avatar
 17387 | Lair:6   | Noticed a seven-headed hydra
 17396 | Lair:6   | Killed a seven-headed hydra
 17396 | Lair:6   | Reached XP level 13. HP: 110/110 MP: 5/24
 17398 | Lair:6   | Reached skill level 1 in Earth Magic
 18154 | Lair:6   | Noticed Josephine
 18183 | Lair:6   | Killed Josephine
 18407 | Lair:6   | Reached skill level 5 in Earth Magic
 18409 | Lair:6   | Reached skill level 12 in Ice Magic
 18643 | Lair:6   | Paralysed by a hornet for 3 turns
 18703 | Lair:6   | Noticed Urug
 18724 | Lair:6   | Killed Urug
 18860 | Lair:6   | Found a staircase to the Slime Pits.
 19456 | Orc:1    | Entered Level 1 of the Orcish Mines
 19496 | Orc:1    | Reached skill level 10 in Fighting
 19603 | Orc:1    | Found a roughly hewn altar of Beogh.
 19802 | Orc:2    | Entered Level 2 of the Orcish Mines
 19804 | Orc:2    | Found a staircase to the Elven Halls.
 19950 | Orc:1    | Noticed Erolcha
 19962 | Orc:1    | Killed Erolcha
 20049 | Orc:1    | Found a roughly hewn altar of Beogh.
 20145 | Orc:2    | Found a roughly hewn altar of Beogh.
 20199 | Orc:2    | Reached skill level 1 in Evocations
 20334 | Orc:2    | Found a roughly hewn altar of Beogh.
 20490 | Orc:2    | Found Etresea's Antique Armour Shop.
 20516 | Orc:2    | Found Qyqaup's Armour Shoppe.
 20671 | Orc:2    | Found Arghiur's Book Shop.
 20671 | Orc:2    | Found Woutecri's Distillery.
 20710 | Orc:2    | Bought a potion of heal wounds for 70 gold pieces
 21228 | Orc:1    | Noticed Snorg
 21228 | Orc:1    | Noticed Maurice
 21240 | Orc:2    | Killed Snorg
 21377 | Orc:1    | Killed Maurice
 21685 | D:11     | Learned a level 2 spell: Blink
 21875 | D:11     | Found a roughly hewn altar of Beogh.
 21879 | D:11     | Reached XP level 14. HP: 121/121 MP: 21/25
 22578 | D:12     | Identified a scroll of acquirement
 22578 | D:12     | Acquired the ring "Unoq" {rF+ MR++ Str+8 Dex-5}
 22920 | D:12     | Paralysed by a hornet for 2 turns
 23719 | D:13     | Noticed Rupert
 23738 | D:13     | Killed Rupert
 23837 | D:13     | Found a flagged portal.
 23847 | Bailey   | Entered a bailey
 24456 | D:13     | Noticed Kirke
 24472 | D:13     | Killed Kirke
 24939 | D:13     | Found a gate to the Vaults.
 26274 | D:14     | Found a frozen archway.
 26274 | D:14     | Found Otun's Antique Weapon Shoppe.
 26279 | IceCv    | Entered an ice cave
 26306 | IceCv    | Reached skill level 5 in Evocations
 27363 | D:14     | Bought a slimy dagger for 161 gold pieces
 27363 | D:14     | Bought a glimmering short sword for 184 gold pieces
 27366 | D:14     | Identified the +7 short sword "Killer Bee's Peril" {freeze,
                  | +Fly Str+7 Dex-3} (You bought it in a shop on level 14 of
                  | the Dungeon)
 27369 | D:14     | Identified the +7 dagger "Kovvent" {pain, Dex+4} (You
                  | bought it in a shop on level 14 of the Dungeon)
 27434 | D:14     | Found Pocrou's Magic Scroll Shoppe.
 27437 | D:14     | Bought a scroll of enchant weapon for 120 gold pieces
 27440 | D:14     | Found Panwohic's Antique Weapon Shop.
 27451 | D:14     | Bought an iridescent dagger for 231 gold pieces
 27451 | D:14     | Bought a crude broad axe for 297 gold pieces
 27451 | D:14     | Identified the cursed +0 dagger of Syduyren {freeze, MR++}
                  | (You bought it in a shop on level 14 of the Dungeon)
 27453 | D:14     | Identified the +8 broad axe of Vaedaqub {speed, *Slow rN+++
                  | Str+3} (You bought it in a shop on level 14 of the Dungeon)
 27640 | D:14     | Found a shadowy altar of Dithmenos.
 27645 | D:14     | Found Migeut's Magic Scroll Emporium.
 27661 | D:14     | Bought a scroll of blinking for 120 gold pieces
 27661 | D:14     | Bought a scroll of blinking for 120 gold pieces
 27883 | D:15     | Entered Level 15 of the Dungeon
 28056 | D:15     | Found Mitussyf's Antique Weapon Boutique.
 28190 | D:15     | Reached skill level 1 in Axes
 28574 | D:15     | Reached XP level 15. HP: 46/129 MP: 1/26
 28810 | Orc:2    | Bought +2 gold dragon scales for 1472 gold pieces
 29007 | Swamp:1  | Entered Level 1 of the Swamp
 29043 | Lair:2   | Reached skill level 1 in Armour
 29525 | Spider:1 | Entered Level 1 of the Spider Nest
 29733 | Spider:1 | Noticed Azrael
 29758 | Spider:1 | Killed Azrael
 30074 | Spider:1 | Noticed Nikola
 30108 | Spider:1 | Killed Nikola
 30108 | Spider:1 | Reached skill level 5 in Axes
 31018 | Spider:2 | Reached skill level 5 in Armour
 31400 | Spider:2 | You fall into a shaft and drop 1 floor!
 32806 | Spider:4 | Entered Level 4 of the Spider Nest
 32842 | Spider:4 | Noticed Arachne
 32864 | Spider:4 | Noticed Donald
 33040 | Spider:4 | HP: 5/130 [entropy weaver (6)]
 33041 | Spider:4 | Slain by a redback

Illustrated notes

Levels and vault maps discovered:
D:1:      dpeg_arrival_pits, layout_loops_ring, kennysheep_pointless_box,
          minmay_quantized
D:2:      layout_loops_corners, minmay_misc_feat_chi, lemuel_statue_altar
D:3:      layout_loops_ring, gammafunk_temple_overflow_elements, uniq_purgy,
          uniq_natasha
D:4:      layout_basic
D:5:      gammafunk_wand_slinger, layout_gridville, minmay_temple_entry_tees,
          minmay_circle_x, uniq_menkaure
D:6:      layout_gridville, marbit_many_paths, elyvilon_altar_5,
          lemuel_altar_in_water, uniq_maggie, uniq_edmund,
          uniq_crazy_yiuf_cottage
D:7:      minmay_the_grid_triangle_9x9_rhombus_full
          [minmay_the_grid_triangle_9x9_odd_lines,
          minmay_the_grid_triangle_9x9_dagger,
          minmay_the_grid_triangle_9x9_pentomino_pain,
          minmay_the_grid_triangle_9x9_subtriangle,
          minmay_the_grid_triangle_9x9_alien,
          minmay_the_grid_triangle_9x9_steps,
          minmay_the_grid_triangle_9x9_thin_v,
          minmay_the_grid_triangle_9x9_prize_top_heavy], layout_loops_ring,
          nicolae_ru_path_of_blood, kennysheep_little_box, xom_butterflies
D:8:      layout_gridville, chequers_temple_overflow_minitemple,
          erik_lair_island, hangedman_decor_slide_cut, eino_tiny_chamber
D:9:      layout_basic
D:10:     layout_irregular_city, orc_david_3, minivault_14,
          nicolae_tso_carved_into_rock
D:11:     layout_roguey, special_room [special_room_orc], chequers_jeans
D:12:     layout_irregular_city, serial_rivers, chequers_serial_rivers_micro_d,
          chequers_serial_rivers_micro_a, chequers_serial_rivers_micro_d,
          chequers_serial_rivers_small_a, chequers_serial_rivers_small_b,
          chequers_serial_rivers_micro_d
D:13:     layout_irregular_city, hangedman_vaults_entry_quadrant_bands,
          lightli_bailey_entry_fortress, uniq_kirke, uniq_rupert
D:14:     layout_loops_ring, minmay_staircase_bubble,
          portal_ice_cave_entry_pillars_1, serial_shops, shop_statue,
          kennysheep_mini_moat, nicolae_shop_waterfront,
          nicolae_shop_statue_plus, grunt_dithmenos_smoke
D:15:     gammafunk_enter_depths_forms, layout_basic, serial_shops,
          nicolae_shop_trees, minmay_misc_feat_columns, serial_park_tiny_1,
          moated_statue, uniq_agnes
Lair:1:   layout_chaotic_city, chequers_serial_rivers_small_b, st_stairs_4,
          nicolae_quartered_pool_medium
Lair:2:   layout_regular_city, minmay_swamp_entry_reptiles, minmay_holes,
          small_statue_intersection, lemuel_fruit_tree
Lair:3:   cheibrodos_magma_flow, layout_loops_ring,
          nicolae_spider_entry_non_spiders, gauntlet_entry_generic, worms_lemuel
Lair:4:   layout_loops_ring, lemuel_fruit_fields, grunt_megastairs_1
Lair:5:   layout_regular_city, grunt_megastairs_4, uniq_sonja
Lair:6:   gammafunk_lair_ancient_temple, layout_regular_city,
          minmay_slime_entry_jelly_boxes, uniq_urug, uniq_josephine
Swamp:1:  layout_basic_swamp, evilmike_swamp_ruin_house_2, swamp_pool5
Spider:1: layout_spider_delve, uniq_nikola, uniq_azrael
Spider:2: layout_spider_delve
Spider:3: layout_spider_delve, spiders_nest_the_unseen
Spider:4: grunt_spider_rune_parallel, uniq_donald, uniq_arachne
Orc:1:    layout_caves, basic_altar, nicolae_orc_lost_temple, uniq_snorg,
          uniq_maurice, uniq_erolcha
Orc:2:    st_orc_town, layout_diamond_mine, basic_altar

Skill      XL: |  1  2  3  4  5  6  7  8  9 10 11 12 13 14 15 |
---------------+----------------------------------------------+-----
Dodging        | 2 3 4 5 6 8 9 10 11 | 11.0
Spellcasting   | 2 3 4 5 |  5.0
Ice Magic      | 4 5 6 7 9 10 11 12 | 12.0
Fighting       | 1 2 3 4 5 6 7 8 10 11 | 11.2
Summonings     | 3 5 |  5.0
Conjurations   | 3 7 8 |  8.0
Fire Magic     | 3 5 6 8 |  8.0
Shields        | 2 4 |  4.0
Earth Magic    | 6 8 |  8.0
Evocations     | 2 5 |  5.6
Axes           | 2 7 |  7.5
Armour         | 7 |  7.0
Stealth        | |  1.7

Action                   |  1- 3 |  4- 6 |  7- 9 | 10-12 | 13-15 || total
-------------------------+-------+-------+-------+-------+-------++-------
Melee: Short sword       |   104 |    48 |   288 |   384 |   717 ||  1541
       Unarmed           |     2 |       |       |       |       ||     2
       Staff             |       |       |     1 |   117 |    65 ||   183
       Mace              |       |       |       |    10 |       ||    10
       Broad axe         |       |       |       |       |   485 ||   485
       Eveningstar       |       |       |       |       |     1 ||     1
 Fire: Hunting sling     |       |       |     1 |       |       ||     1
Throw: Dart              |       |       |     4 |     5 |     5 ||    14
 Cast: Freeze            |    16 |     6 |    27 |   129 |    81 ||   259
       Frozen Ramparts   |       |     5 |    23 |    63 |    81 ||   172
       Ozocubu's Armour  |       |       |     2 |    18 |    17 ||    37
       Summon Ice Beast  |       |       |       |    31 |    94 ||   125
       Sticky Flame      |       |       |       |       |    31 ||    31
       Bolt of Magma     |       |       |       |       |    15 ||    15
Evoke: Wand              |       |       |    11 |    26 |    13 ||    50
       Box of beasts     |       |       |       |       |     4 ||     4
       Phantom mirror    |       |       |       |       |     1 ||     1
  Use: Scroll            |     9 |     2 |     5 |    19 |    22 ||    57
       Potion            |       |       |     1 |       |     9 ||    10
 Stab: Sleeping          |     8 |     4 |     6 |     5 |     5 ||    28
       Distracted        |       |       |     1 |     3 |     7 ||    11
       Paralysed         |       |       |       |     5 |       ||     5
Armor: Robe              |    31 |     7 |       |    61 |       ||    99
       Troll leather arm |       |    10 |    76 |     1 |       ||    87
       Leather armour    |       |       |       |   104 |   302 ||   406
       Ice dragon scales |       |       |       |       |    30 ||    30
       Gold dragon scale |       |       |       |       |   555 ||   555
Dodge: Dodged            |    81 |    35 |   222 |   659 |  1304 ||  2301
Block: Other             |       |       |    57 |    82 |       ||   139
       Reflection        |       |       |     2 |     2 |       ||     4
       Buckler           |       |       |       |   183 |   689 ||   872

Table legend: (Time is in decaauts)
 A = Elapsed time spent in this place.
 B = Non-inter-level travel time spent in this place.
 C = Inter-level travel time spent in this place.
 D = Time resting spent in this place.
 E = Time spent auto-exploring this place.
 F = Levels seen in this place.
 G = Mean time per level.
                   A        B        C        D        E       F      G
               +--------+--------+--------+--------+--------+-----+--------+
         Total |  33309 |  31299 |   2010 |   1240 |  23319 |  31 | 1074.5 |
       Dungeon |  17499 |  16423 |   1076 |    155 |  12711 |  15 | 1166.6 |
          Lair |   7587 |   7112 |    475 |    233 |   5366 |   6 | 1264.5 |
         Swamp |     29 |     29 |      0 |      0 |      1 |   1 |   29.0 |
   Spider Nest |   3501 |   3365 |    136 |    266 |   2443 |   4 |  875.2 |
  Orcish Mines |   2382 |   2062 |    320 |    122 |   1492 |   2 | 1191.0 |
        Bailey |    391 |    391 |      0 |      0 |    260 |   1 |  391.0 |
      Ice Cave |   1075 |   1075 |      0 |    206 |    661 |   1 | 1075.0 |
      Gauntlet |    841 |    841 |      0 |    258 |    384 |   1 |  841.0 |
               +--------+--------+--------+--------+--------+-----+--------+

Top non-repeatable levels by time:
    D:13: 2161 daAuts
     D:8: 2040 daAuts
  Lair:6: 2005 daAuts
   Orc:2: 1614 daAuts
     D:7: 1574 daAuts
     D:1: 1313 daAuts
  Lair:3: 1288 daAuts
    D:12: 1267 daAuts
Spider:3: 1206 daAuts
  Lair:2: 1192 daAuts
Spider:1: 1164 daAuts
    D:10: 1157 daAuts
     D:5: 1154 daAuts
  Lair:5: 1134 daAuts
     D:9: 1114 daAuts
